 Dungeon Crawl Stone Soup version 0.31-a0-188-g5e087ee2ca (webtiles) character file.

Game seed: 2946556112140027631

121 qw the Skirmisher (level 4, -3/25 HPs)
             Began as a Deep Elf Hunter on June 23, 2023.
             Slain by a scorpion (5 damage)
             ... on level 3 of the Dungeon.
             The game lasted 00:00:40 (1819 turns).

qw the Skirmisher (Deep Elf Hunter)                 Turns: 1819, Time: 00:00:41

Health: -3/25      AC:  5    Str: 10    XL:     4   Next: 77%
Magic:  6/6        EV: 11    Int: 14    God:
Gold:   162        SH:  0    Dex: 18    Spells: 3/3 levels left

rFire   . . .        Y - +0 shortbow
rCold   . . .        (shield currently unavailable)
rNeg    . . .        g - +0 ring mail
rPois   .            (no helmet)
rElec   .            (no cloak)
rCorr   .            (no gloves)
SInv    .            (no boots)
Will    +....        (no amulet)
Stlth   +            k - ring of willpower
HPRegen 0.24/turn    (no ring)
MPRegen 0.10/turn

%: no passive effects
@: lethally poisoned (-3 -> -11)
A: no striking features
a: no special abilities


You were on level 3 of the Dungeon.
You visited 1 branch of the dungeon, and saw 3 of its levels.

You collected 162 gold pieces.


   Skills:
 - Level 1.5 Fighting
 + Level 8.2 Ranged Weapons
 - Level 2.4 Dodging
 - Level 1.2 Stealth


You had 3 spell levels left.
You didn't know any spells.
Your spell library was empty.

Inventory:

Hand Weapons
 Y - a +0 shortbow (weapon)
Armour
 g - a +0 ring mail (worn)
Jewellery
 k - a ring of willpower (left hand)
Scrolls
 a - 3 scrolls of teleportation
 c - 2 scrolls of poison {unknown}
Potions
 b - a potion of curing {unknown}
 d - a potion of resistance {unknown}
 h - a potion of degeneration {unknown}

Dungeon Overview and Level Annotations

Branches:
Dungeon (3/15)

Altars:
Kikubaaqudgha

Annotations:
D:3 1 runed translucent door, Crazy Yiuf


Message History

The arrow hits the orc but does no damage.
The orc shouts!
An adder comes into view.
You shoot an arrow. The adder hisses angrily.
The arrow hits the orc.
The orc is heavily wounded.
A scorpion comes into view.
You shoot an arrow. The arrow barely misses the orc.
The arrow hits the scorpion.
The scorpion is lightly wounded.
You shoot an arrow. The arrow hits the orc.
You kill the orc!
You shoot an arrow. The arrow misses the adder.
You shoot an arrow. The arrow hits the adder.
The adder is lightly wounded.
The adder closely misses you.
You shoot an arrow. The arrow hits the adder!
The adder is almost dead.
The adder bites you but does no damage.
You shoot an arrow. The arrow hits the adder.
The adder is almost dead.
The adder barely misses you. x2
You shoot an arrow. The arrow hits the adder!
You kill the adder!
The scorpion stings you but does no damage.
The scorpion stings you.
You shoot an arrow. The arrow hits the scorpion.
The scorpion is moderately wounded.
The scorpion stings you!
You are lethally poisoned!
The scorpion poisons you!
You shoot an arrow. The arrow barely misses the scorpion.
You feel very sick. The scorpion closely misses you.
You shoot an arrow. The arrow hits the scorpion.
The scorpion is heavily wounded.
You feel very sick. The scorpion stings you. x2
You die...

#.#8......... ##...
####.##......... 8...
#.##.###8###8#.. #...
#..#.#########<. #..)
#....#...#...... ##...
##.#.#...####### #8...
#..#.....'......
####..%##........#######
......s@.........#
............#..?.#
.#########.[#.####
..#...# ##.#.#..# #
#.#..# ># ... ##


You could see a scorpion.

Vanquished Creatures
  4 gnolls (D:3)
  3 adders
  A dart slug (D:1)
  An orc (D:3)
  9 ball pythons
  5 bats
  3 endoplasms
  2 giant cockroaches
  6 goblins
  3 hobgoblins (D:1)
  2 jackals (D:1)
  3 quokkas (D:1)
  4 frilled lizards
  5 kobolds
  4 rats
55 creatures vanquished.

Notes
Turn   | Place    | Note
-------+----------+-------------------------------------------
     0 | D:1      | qw the Deep Elf Hunter began the quest for the Orb.
     0 | D:1      | Reached XP level 1. HP: 12/12 MP: 3/3
     0 | D:1      | 0 ||| qw: Version: 0.3-a-9-g12657ce
     0 | D:1      | 0 ||| qw: Game counter: 3537
     0 | D:1      | 0 ||| qw: Always use a shield: true
     0 | D:1      | 0 ||| qw: God list: Okawaru
     0 | D:1      | 0 ||| qw: Allow faded altars: false
     0 | D:1      | 0 ||| qw: Do Orc after D:15 true
     0 | D:1      | 0 ||| qw: Do second Lair branch before Depths: true
     0 | D:1      | 0 ||| qw: Lair rune preference: random
     0 | D:1      | 0 ||| qw: Plans: Normal
     0 | D:1      | 0 ||| PLANNING D:1-11
    55 | D:1      | Reached XP level 2. HP: 16/16 MP: 4/4
    56 | D:1      | Reached skill level 6 in Ranged Weapons
   210 | D:1      | Reached XP level 3. HP: 20/20 MP: 5/5
   555 | D:1      | 555 ||| UPGRADING to +0 scale mail.
   565 | D:1      | 565 ||| DROPPING +0 leather armour.
   566 | D:1      | 566 ||| UPGRADING to +0 ring mail.
   576 | D:1      | 576 ||| DROPPING +0 scale mail.
   577 | D:1      | 577 ||| UPGRADING to ring of willpower.
   578 | D:1      | 578 ||| READING 2 scrolls labelled ECAIMI FYLAPOO.
   581 | D:1      | 581 ||| READING scroll labelled USITEQ ILAT.
   582 | D:1      | 582 ||| READING scroll labelled ZAM OMOAHEBILL.
   583 | D:1      | 583 ||| READING scroll labelled ZUOCKIVIWK.
   584 | D:1      | 584 ||| DROPPING scroll of butterflies.
   611 | D:2      | Found an ancient bone altar of Kikubaaqudgha.
   638 | D:2      | Reached skill level 7 in Ranged Weapons
  1403 | D:2      | Reached XP level 4. HP: 25/25 MP: 6/6
  1516 | D:2      | 1516 ||| DRINKING 2 cyan potions.
  1517 | D:2      | 1517 ||| DROPPING potion of attraction.
  1629 | D:3      | 1629 ||| FLEEEEING.
  1630 | D:3      | 1630 ||| FLEEEEING.
  1667 | D:3      | Reached skill level 8 in Ranged Weapons
  1736 | D:3      | Found a runed translucent door.
  1737 | D:3      | Noticed Crazy Yiuf
  1809 | D:3      | Noticed a scorpion
  1819 | D:3      | HP: 2/25 [scorpion (5)]
  1819 | D:3      | Slain by a scorpion

Levels and vault maps discovered:
D:1:      scummos_arrival_simple_fountains, layout_rooms, st_stairs_5,
          amcnicky_mini_corridor_feature
D:2:      layout_basic, basic_altar
D:3:      layout_basic, serial_corexii_hall, corexii_hall_statues_u,
          corexii_hall_statues_x, corexii_hall_statues_deadend, uniq_grinder,
          uniq_natasha, uniq_crazy_yiuf_cottage

Skill      XL: |  1  2  3  4 |
---------------+-------------+-----
Ranged Weapons | 6 7 8 |  8.2
Fighting       | |  1.5
Dodging        | |  2.4
Stealth        | |  1.2

Action                     |  1- 3 |  4- 6 || total
---------------------------+-------+-------++-------
   Fire: Shortbow          |   120 |    35 ||   155
    Use: Scroll            |     4 |       ||     4
         Potion            |       |     1 ||     1
 Armour: Leather armour    |     9 |       ||     9
         Ring mail         |     6 |     4 ||    10
  Dodge: Dodged            |    36 |     6 ||    42

Table legend:
 A = Non-vault XP
 B = Vault XP
 C = Vault XP percentage of total XP
 D = Non-vault monster count
 E = Vault monster count
 F = Vault count percentage of total count
                 A         B        C        D         E       F
            +---------+---------+-------+---------+---------+-------
      Total |     169 |       5 |   2.9 |      52 |       3 |   5.5
            +---------+---------+-------+---------+---------+-------
        D:1 |      53 |       5 |   8.6 |      32 |       3 |   8.6
        D:2 |      40 |       0 |   0.0 |      11 |       0 |   0.0
        D:3 |      76 |       0 |   0.0 |       9 |       0 |   0.0
            +---------+---------+-------+---------+---------+-------
